SA
NEBRASKA PLAINSMEN @ DELAWARE 1787 BC
07/14/2029
 
TOP OF THE 1ST
Nebraska Plainsmen batting - Pitching for Delaware 1787 BC : RHP Goodluck Obasanjo
Pitching: RHP Goodluck Obasanjo
Batting: SHB Cyrille Baffi 0-0: Ball
1-0: Ball
2-0: Bunt for hit - play at first, batter OUT! 5-3
Batting: LHB Gerardo Ponce de Leon 0-0: Fly out, F8 (Flyball, 8RS)
Batting: SHB Allen Pandey 0-0: Ball
1-0: Called Strike
1-1: Foul Ball, location: 2F
1-2: Foul Ball, location: 2F
1-2: Foul Ball, location: 2F
1-2: Ball
2-2: Foul Ball, location: 2F
2-2: Ball
3-2: Strikes out swinging
Top of the 1st over - 0 runs, 0 hits, 0 errors, 0 left on base; Nebraska 0 - Delaware 0
BOTTOM OF THE 1ST
Delaware 1787 BC batting - Pitching for Nebraska Plainsmen : RHP Jesús Fernández
Pitching: RHP Jesús Fernández
Batting: RHB Jesús Guzmán 0-0: Foul Ball, location: 2F
0-1: SINGLE (Flyball, 89S)
Batting: RHB Malcolm Campbell 0-0: Ground out U3 (Groundball, 34)
Jesús Guzmán to second
Batting: LHB Ramón Garmendia 0-0: Foul Ball, location: 2F
0-1: Called Strike
Jesús Guzmán steals 3rd base
0-2: Ball
1-2: Fly out, F9 (Line Drive, 9)
Runner from 3rd tags up, SCORES, throw made
Batting: RHB Mikko Haataja 0-0: Ball
1-0: Foul Ball, location: 2F
1-1: Swinging Strike
1-2: Ball
2-2: Ball
3-2: Ground out 5-3 (Groundball, 56S)
Bottom of the 1st over - 1 run, 1 hit, 0 errors, 0 left on base; Nebraska 0 - Delaware 1
TOP OF THE 2ND
Nebraska Plainsmen batting - Pitching for Delaware 1787 BC : RHP Goodluck Obasanjo
Batting: SHB Rafael Porfrio 0-0: Called Strike
0-1: Swinging Strike
0-2: Foul Ball, location: 2F
0-2: Strikes out looking
Batting: RHB Alco Compagne 0-0: Fly out, F7 (Flyball, 7)
Batting: RHB Dan Hendricks 0-0: Ground out 5-3 (Groundball, 56S)
Top of the 2nd over - 0 runs, 0 hits, 0 errors, 0 left on base; Nebraska 0 - Delaware 1
BOTTOM OF THE 2ND
Delaware 1787 BC batting - Pitching for Nebraska Plainsmen : RHP Jesús Fernández
Batting: LHB Kelvin Abbott 0-0: Swinging Strike
0-1: Ground out 1-3 (Groundball, P)
Batting: RHB Ryobe Sasaki 0-0: Ball
1-0: Swinging Strike
1-1: Ball
2-1: Ball
3-1: Called Strike
3-2: Base on Balls
Batting: SHB Curt Pack 0-0: Swinging Strike
0-1: Fly out, F6 (Popup, 6)
Batting: LHB Bryce Abood 0-0: Ball
1-0: Ball
2-0: Fielders Choice at 2nd, U6 (Groundball, 6M)
Bottom of the 2nd over - 0 runs, 0 hits, 0 errors, 1 left on base; Nebraska 0 - Delaware 1
TOP OF THE 3RD
Nebraska Plainsmen batting - Pitching for Delaware 1787 BC : RHP Goodluck Obasanjo
Batting: RHB Tatsui Murakami 0-0: Swinging Strike
0-1: Ball
1-1: Ground out 5-3 (Groundball, 56S)
Batting: SHB José Muńóz 0-0: Ball
1-0: Foul Ball, location: 2F
1-1: Called Strike
1-2: Ball
2-2: Ball
3-2: SINGLE (Line Drive, 8RS)
Batting: RHB José Durán 0-0: Fly out, F9 (Flyball, 9S)
Batting: SHB Cyrille Baffi 0-0: Ball
1-0: Called Strike
1-1: Ground out 1-3 (Groundball, 13S)
Top of the 3rd over - 0 runs, 1 hit, 0 errors, 1 left on base; Nebraska 0 - Delaware 1
BOTTOM OF THE 3RD
Delaware 1787 BC batting - Pitching for Nebraska Plainsmen : RHP Jesús Fernández
Batting: RHB Tobias Jimenez 0-0: Ball
1-0: Foul Ball, location: 2F
1-1: Foul Ball, location: 2F
1-2: Ball
2-2: Reached on error, E6 (Groundball, 6)
Batting: RHB Jesús Guzmán 0-0: Foul Ball, location: 2F
0-1: SINGLE (Groundball, 34S) (infield hit)
Tobias Jimenez to third
Batting: RHB Malcolm Campbell 0-0: Ball
1-0: Foul Ball, location: 2F
1-1: Ball
2-1: SINGLE (Line Drive, 56D)
Tobias Jimenez scores
Jesús Guzmán to second
Batting: LHB Ramón Garmendia 0-0: Ball
1-0: Ball
2-0: Called Strike
Balk!
Jesús Guzmán to third
Malcolm Campbell to second
2-1: Ball
3-1: SINGLE (Line Drive, 8RS)
Jesús Guzmán scores
Malcolm Campbell to third
Batting: RHB Mikko Haataja 0-0: Ball
1-0: Foul Ball, location: 2F
1-1: Ball
2-1: Foul Ball, location: 2F
2-2: Foul Ball, location: 2F
2-2: Ball
3-2: Foul Ball, location: 2F
3-2: SINGLE (Groundball, 56S) (infield hit)
Malcolm Campbell scores
Ramón Garmendia to second
Batting: LHB Kelvin Abbott 0-0: Ball
1-0: Ball
2-0: Ball
3-0: Base on Balls
Ramón Garmendia to third
Mikko Haataja to second
Batting: RHB Ryobe Sasaki 0-0: Swinging Strike
0-1: Called Strike
0-2: Ball
1-2: Foul Ball, location: 2F
1-2: Ball
2-2: Strikes out swinging
Batting: SHB Curt Pack 0-0: Ball
1-0: Ball
2-0: Ball
3-0: Called Strike
3-1: Base on Balls
Ramón Garmendia scores
Mikko Haataja to third
Kelvin Abbott to second
Batting: LHB Bryce Abood 0-0: Foul Ball, location: 2F
0-1: Called Strike
0-2: Ball
1-2: SINGLE (Line Drive, 8LS)
Mikko Haataja scores
Kelvin Abbott to third
Curt Pack to second
Runner from 3rd tries for Home, SAFE, throw made home
Batting: RHB Tobias Jimenez 0-0: Called Strike
0-1: SINGLE (Line Drive, 89S)
Curt Pack to third
Bryce Abood to second
Batting: RHB Jesús Guzmán 0-0: Called Strike
0-1: Foul Ball, location: 2F
0-2: Ball
1-2: Foul Ball, location: 2F
1-2: Grounds into double play, 5-4-3 (Groundball, 56)
Bottom of the 3rd over - 6 runs, 6 hits, 1 error, 2 left on base; Nebraska 0 - Delaware 7
TOP OF THE 4TH
Nebraska Plainsmen batting - Pitching for Delaware 1787 BC : RHP Goodluck Obasanjo
Batting: LHB Gerardo Ponce de Leon 0-0: Ball
1-0: Called Strike
1-1: Ball
2-1: Fly out, F1 (Line Drive, 15)
Batting: SHB Allen Pandey 0-0: Ball
1-0: Ball
2-0: Fly out, F7 (Flyball, 78S)
Batting: SHB Rafael Porfrio 0-0: Called Strike
0-1: Fly out, F7 (Line Drive, 7LD)
Top of the 4th over - 0 runs, 0 hits, 0 errors, 0 left on base; Nebraska 0 - Delaware 7
BOTTOM OF THE 4TH
Delaware 1787 BC batting - Pitching for Nebraska Plainsmen : RHP Jesús Fernández
Batting: RHB Malcolm Campbell 0-0: Ground out 6-3 (Groundball, 6)
Batting: LHB Ramón Garmendia 0-0: Ball
1-0: Ball
2-0: DOUBLE (Flyball, 8RXD)
Batting: RHB Mikko Haataja 0-0: SINGLE (Groundball, 6MD)
Ramón Garmendia to third
Runner from 3rd tries for Home, SAFE, throw made home
Batting: LHB Kelvin Abbott 0-0: Called Strike
0-1: DOUBLE (Line Drive, 89D)
Mikko Haataja to third
Batting: RHB Ryobe Sasaki 0-0: Ground out 1-3 (Groundball, 13)
Batting: SHB Curt Pack 0-0: Ball
1-0: Fly out, F5 (Popup, 25F)
Bottom of the 4th over - 1 run, 3 hits, 0 errors, 2 left on base; Nebraska 0 - Delaware 8
TOP OF THE 5TH
Nebraska Plainsmen batting - Pitching for Delaware 1787 BC : RHP Goodluck Obasanjo
Batting: RHB Alco Compagne 0-0: Called Strike
0-1: Ball
1-1: Fly out, F9 (Flyball, 89S)
Batting: RHB Dan Hendricks 0-0: Called Strike
0-1: Foul Ball, location: 2F
0-2: Ball
1-2: Ball
2-2: Ball
3-2: Foul Ball, location: 2F
3-2: Foul Ball, location: 2F
3-2: Foul Ball, location: 2F
3-2: Ground out 6-3 (Groundball, 6S)
Batting: RHB Tatsui Murakami 0-0: Foul Ball, location: 2F
0-1: Ball
1-1: Ball
2-1: Called Strike
2-2: Strikes out swinging
Top of the 5th over - 0 runs, 0 hits, 0 errors, 0 left on base; Nebraska 0 - Delaware 8
BOTTOM OF THE 5TH
Delaware 1787 BC batting - Pitching for Nebraska Plainsmen : RHP Jesús Fernández
Batting: LHB Bryce Abood 0-0: Swinging Strike
0-1: Swinging Strike
0-2: Strikes out looking
Batting: RHB Tobias Jimenez 0-0: Called Strike
0-1: Foul Ball, location: 2F
0-2: TRIPLE (Flyball, 89XD)
Batting: RHB Jesús Guzmán 0-0: Ball
1-0: Ball
2-0: DOUBLE (Line Drive, 78D)
Tobias Jimenez scores
Batting: RHB Malcolm Campbell 0-0: Ball
1-0: Ball
2-0: Foul Ball, location: 2F
2-1: Foul Ball, location: 2F
2-2: Foul Ball, location: 2F
2-2: Foul Ball, location: 2F
2-2: Foul Ball, location: 2F
2-2: Ball
3-2: Strikes out swinging
Batting: LHB Ramón Garmendia 0-0: Foul Ball, location: 2F
0-1: Ball
1-1: Ball
2-1: Ball
3-1: Fly out, F9 (Flyball, 89S)
Bottom of the 5th over - 1 run, 2 hits, 0 errors, 1 left on base; Nebraska 0 - Delaware 9
TOP OF THE 6TH
Nebraska Plainsmen batting - Pitching for Delaware 1787 BC : RHP Goodluck Obasanjo
Batting: SHB José Muńóz 0-0: Called Strike
0-1: Swinging Strike
0-2: Strikes out looking
Batting: RHB José Durán 0-0: Ball
1-0: Swinging Strike
1-1: Ground out 3-1 (Groundball, 34S)
Batting: SHB Cyrille Baffi 0-0: SINGLE (Groundball, 56D)
Batting: LHB Gerardo Ponce de Leon 0-0: Ball
1-0: Ball
2-0: Ball
3-0: Called Strike
3-1: Ground out U3 (Groundball, 3)
Top of the 6th over - 0 runs, 1 hit, 0 errors, 1 left on base; Nebraska 0 - Delaware 9
BOTTOM OF THE 6TH
Delaware 1787 BC batting - Pitching for Nebraska Plainsmen : RHP Jesús Fernández
Batting: RHB Mikko Haataja 0-0: SINGLE (Line Drive, 7S)
Batting: LHB Kelvin Abbott 0-0: Fly out, F3 (Line Drive, 3S)
Batting: RHB Ryobe Sasaki 0-0: Ball
1-0: Ball
2-0: Foul Ball, location: 2F
2-1: Foul Ball, location: 2F
2-2: Ground out U3 (Groundball, 34S)
Mikko Haataja to second
Batting: SHB Curt Pack 0-0: Foul Ball, location: 2F
0-1: Called Strike
0-2: Fly out, F9 (Flyball, 89XD)
Bottom of the 6th over - 0 runs, 1 hit, 0 errors, 1 left on base; Nebraska 0 - Delaware 9
TOP OF THE 7TH
Nebraska Plainsmen batting - Pitching for Delaware 1787 BC : RHP Goodluck Obasanjo
Batting: SHB Allen Pandey 0-0: Swinging Strike
0-1: Ball
1-1: Swinging Strike
1-2: Ball
2-2: Ball
3-2: Strikes out looking
Batting: SHB Rafael Porfrio 0-0: Foul Ball, location: 2F
0-1: Ball
1-1: Foul Ball, location: 2F
1-2: SINGLE (Line Drive, 89S)
Batting: RHB Alco Compagne 0-0: Called Strike
0-1: Ball
1-1: Grounds into double play, 6-4-3 (Groundball, 6)
Top of the 7th over - 0 runs, 1 hit, 0 errors, 0 left on base; Nebraska 0 - Delaware 9
BOTTOM OF THE 7TH
Delaware 1787 BC batting - Pitching for Nebraska Plainsmen : RHP Jesús Fernández
Batting: LHB Bryce Abood 0-0: Ground out 5-3 (Groundball, 5)
Batting: RHB Tobias Jimenez 0-0: Ball
1-0: Foul Ball, location: 2F
1-1: SOLO HOME RUN (Line Drive, 9D), Distance : 369 ft
Pitching: RHP Pedro Ortíz
Batting: RHB Jesús Guzmán 0-0: Ball
1-0: Swinging Strike
1-1: Foul Ball, location: 2F
1-2: SINGLE (Groundball, 25) (infield hit)
Batting: RHB Malcolm Campbell Pickoff Throw to First - Error! E1
Jesús Guzmán to second
0-0: SINGLE (Groundball, 6MD)
Jesús Guzmán to third
Runner from 3rd tries for Home, SAFE, throw made home
Batting: LHB Ramón Garmendia 0-0: Foul Ball, location: 2F
0-1: Ball
1-1: Swinging Strike
1-2: Foul Ball, location: 2F
1-2: DOUBLE (Line Drive, 3D)
Malcolm Campbell to third
Pinch Hitting: RHB John Willoughby 0-0: Ball
1-0: Ball
2-0: Swinging Strike
2-1: Foul Ball, location: 2F
2-2: Strikes out swinging
Batting: LHB Kelvin Abbott 0-0: Swinging Strike
0-1: Ball
1-1: Called Strike
1-2: SINGLE (Groundball, 34S) (infield hit)
Malcolm Campbell scores
Ramón Garmendia to third
Batting: RHB Ryobe Sasaki 0-0: Foul Ball, location: 2F
0-1: Ball
1-1: Foul Ball, location: 2F
1-2: Ball
2-2: Foul Ball, location: 2F
2-2: DOUBLE (Flyball, 8LXD)
Ramón Garmendia scores
Kelvin Abbott to third
Batting: SHB Curt Pack 0-0: Foul Ball, location: 2F
0-1: Called Strike
0-2: Fly out, F8 (Flyball, 8LD)
Bottom of the 7th over - 4 runs, 6 hits, 1 error, 2 left on base; Nebraska 0 - Delaware 13
TOP OF THE 8TH
Nebraska Plainsmen batting - Pitching for Delaware 1787 BC : RHP Goodluck Obasanjo
Now at 3B: John Willoughby
Batting: RHB Dan Hendricks 0-0: Called Strike
0-1: Foul Ball, location: 2F
0-2: Ball
1-2: Foul Ball, location: 2F
1-2: Ground out 5-3 (Groundball, 5L)
Batting: RHB Tatsui Murakami 0-0: Foul Ball, location: 2F
0-1: Called Strike
0-2: Hit by Pitch
Batting: SHB José Muńóz 0-0: Foul Ball, location: 2F
0-1: Ball
1-1: Foul Ball, location: 2F
1-2: Fielders Choice at 2nd, 3-6 (Groundball, 3)
Batting: RHB José Durán 0-0: Foul Ball, location: 2F
0-1: Ball
1-1: Foul Ball, location: 2F
1-2: Strikes out swinging
Top of the 8th over - 0 runs, 0 hits, 0 errors, 1 left on base; Nebraska 0 - Delaware 13
BOTTOM OF THE 8TH
Delaware 1787 BC batting - Pitching for Nebraska Plainsmen : RHP Pedro Ortíz
Batting: LHB Bryce Abood 0-0: Foul Ball, location: 2F
0-1: Swinging Strike
0-2: Ball
1-2: Strikes out swinging
Batting: RHB Tobias Jimenez 0-0: Ball
1-0: Ball
2-0: Called Strike
2-1: Ground out 6-3 (Groundball, 6)
Batting: RHB Jesús Guzmán 0-0: Swinging Strike
0-1: Reached on error, E5 (Groundball, 56)
Batting: RHB Malcolm Campbell 0-0: Ball
Jesús Guzmán steals 2nd base
1-0: Ball
2-0: Called Strike
2-1: Foul Ball, location: 2F
2-2: Reached on error, E3 (Groundball, 34)
Jesús Guzmán scores
Batting: LHB Ramón Garmendia 0-0: Called Strike
0-1: Ball
1-1: Ground out U3 (Groundball, 3)
Bottom of the 8th over - 1 run, 0 hits, 2 errors, 1 left on base; Nebraska 0 - Delaware 14
TOP OF THE 9TH
Nebraska Plainsmen batting - Pitching for Delaware 1787 BC : RHP Goodluck Obasanjo
Pinch Hitting: RHB Lloyd Raaijmakers 0-0: Ball
1-0: Called Strike
1-1: Foul Ball, location: 2F
1-2: Foul Ball, location: 2F
1-2: Foul Ball, location: 2F
1-2: Ball
2-2: Ball
3-2: Foul Ball, location: 2F
3-2: SINGLE (Groundball, 6MD)
Batting: LHB Gerardo Ponce de Leon 0-0: Ball
1-0: Called Strike
1-1: Called Strike
1-2: Foul Ball, location: 2F
1-2: Strikes out swinging
Batting: SHB Allen Pandey 0-0: Called Strike
0-1: Called Strike
0-2: Strikes out swinging
Batting: SHB Rafael Porfrio 0-0: Called Strike
0-1: Ball
1-1: Ball
2-1: SINGLE (Line Drive, 6MD)
Lloyd Raaijmakers to second
Batting: RHB Alco Compagne 0-0: Called Strike
0-1: Ball
1-1: Ball
2-1: Foul Ball, location: 2F
2-2: Foul Ball, location: 2F
2-2: Ball
3-2: Foul Ball, location: 2F
3-2: Strikes out looking
Top of the 9th over - 0 runs, 2 hits, 0 errors, 2 left on base; Nebraska 0 - Delaware 14
Tuesday, December 19th, 2017 - OOTP Baseball 18.8 Build 76